 Dungeon Crawl Stone Soup version 0.17-a0-957-ga3519be (webtiles) character file.

29794 nubinia the Geomancer (level 13, -4/72 HPs)
             Began as a Gargoyle Earth Elementalist on May 7, 2015.
             Was the Champion of Sif Muna.
             Slain by a spiny frog (15 damage)
             ... on level 6 of the Lair of Beasts.
             The game lasted 02:06:57 (17937 turns).

nubinia the Geomancer (GrEE)                       Turns: 17937, Time: 02:06:57

Health: -4/72      AC: 18    Str: 11    XL:     13   Next: 47%
Magic:  11/31      EV: 14    Int: 21    God:    Sif Muna [******]
Gold:   711        SH:  0    Dex: 11    Spells: 11 memorised, 3 levels left

rFire  + . .     SeeInvis .     a - +4 mace (protect)
rCold  . . .     Clarity  .     x - +1 robe {MR+}
rNeg   + . .     SustAb   .     (no shield)
rPois  ∞         Gourm    +     Q - +0 hat
rElec  +         Spirit   .     (no cloak)
rCorr  .         Warding  .     (no gloves)
rMut   .         Stasis   .     I - +1 pair of boots
MR     +....                    g - amulet of the gourmand
Stlth  +++.......               Y - ring of wizardry
                                k - ring of protection from fire

@: repel missiles, somewhat resistant to hostile enchantments, fairly stealthy
A: hooves 1, deformed body, high mp 1, negative energy resistance 1, sense
surroundings 1, regeneration 1, electricity resistance, unbreathing,
petrification resistance, rot immunity, AC +9
a: Channel Energy, Forget Spell, Renounce Religion


You were on level 6 of the Lair of Beasts.
You worshipped Sif Muna.
Sif Muna was exalted by your worship.
You were very full.

You visited 2 branches of the dungeon, and saw 15 of its levels.
You also visited: Labyrinth.

You collected 727 gold pieces.
You spent 16 gold pieces at shops.

Inventory:

Hand weapons
 a - a +4 mace of protection (weapon)
 B - a +0 blowgun
 N - the +6 hand axe of Ofuumoiq {flame, rC+ Str+3 Int-2}
   (You found it in a labyrinth)

   It has been specially enchanted to burn those struck by it, causing extra
   injury to most foes and up to half again as much damage against particularly
   susceptible opponents.
   Big, fiery blades are also staple armaments of hydra-hunters.
   It affects your strength (+3).
   It affects your intelligence (-2).
   It protects you from cold.
 R - the +4 hand axe of Ovellauf {flame, Int+3}
   (You found it on level 6 of the Dungeon)

   It has been specially enchanted to burn those struck by it, causing extra
   injury to most foes and up to half again as much damage against particularly
   susceptible opponents.
   Big, fiery blades are also staple armaments of hydra-hunters.
   It affects your intelligence (+3).
 V - a +3 whip of venom
 X - the +10 great sword "Newtslayer" {pain, rPois Str+3 Int-3}
   (You found it in a labyrinth)

   In the hands of one skilled in necromantic magic, it inflicts extra damage on
   living creatures.
   It affects your strength (+3).
   It affects your intelligence (-3).
   It protects you from poison.
Missiles
 b - 311 stones (quivered)
 u - 7 needles of frenzy
 G - 61 poisoned needles
 M - 12 curare-tipped needles
Armour
 x - a +1 robe of magic resistance (worn)
 I - a +1 pair of boots (worn)
 Q - a +0 hat (worn)
Rods
 D - a +0 rod of shadows (11/11)
   (You found it on level 3 of the Lair of Beasts)
Jewellery
 c - an uncursed amulet of resist corrosion
 g - an amulet of the gourmand (around neck)
 k - a ring of protection from fire (left hand)
 q - an uncursed ring of protection from fire
 w - the ring of Contentment {rElec Int+4}
   (You found it in a labyrinth)

   [ring of intelligence]

   It affects your intelligence (+4).
   It insulates you from electricity.
 z - an uncursed amulet of stasis
 F - the ring of Cuadd {Ice Str-2 Dex+5}
   (You found it in a labyrinth)

   [ring of ice]

   It enhances your ice magic, and weakens your fire magic.
   It affects your strength (-2).
   It affects your dexterity (+5).
   It makes you vulnerable to fire.
   It protects you from cold.
 J - an uncursed ring of wizardry
 Y - a ring of wizardry (right hand)
 Z - an uncursed amulet of resist mutation
Magical devices
 i - a wand of fireball (15)
 y - a wand of invisibility (2)
 A - a wand of digging (8)
 W - a wand of digging (13)
Scrolls
 e - a scroll of teleportation
 f - 2 scrolls of magic mapping
 m - a scroll of identify
 o - 3 scrolls of amnesia
 p - 2 scrolls of remove curse
 E - a scroll of enchant armour
 S - 3 scrolls of recharging
Potions
 h - a potion of invisibility
 j - 10 potions of curing
 l - 2 potions of ambrosia
 r - 2 potions of resistance
 s - 3 potions of brilliance
 v - 3 potions of heal wounds
 L - a potion of cancellation
 U - 2 potions of might
Books
 K - a book of Air

   Spells                             Type                      Level
   a - Shock                          Conjuration/Air              1
   b - Swiftness                      Charms/Air                   2
   c - Repel Missiles                 Charms/Air                   2
   d - Flight                         Charms/Air                   3
   e - Static Discharge               Conjuration/Air              3
   f - Lightning Bolt                 Conjuration/Air              5
Comestibles
 d - 10 bread rations
 n - a beef jerky
 t - 9 meat rations
 C - a slice of pizza
 H - 5 chunks of flesh


   Skills:
 + Level 4.4 Fighting
 + Level 3.1 Maces & Flails
 + Level 1.3 Throwing
 + Level 6.0 Dodging
 + Level 4.3 Stealth
 * Level 11.6 Spellcasting
 * Level 8.7 Conjurations
 + Level 0.5 Necromancy
 + Level 2.3 Transmutations
 * Level 4.5 Fire Magic
 * Level 14.1 Earth Magic
 + Level 5.9 Invocations


You had 3 spell levels left.
You knew the following spells:

 Your Spells              Type           Power        Failure   Level  Hunger
a - Sandblast             Erth           ######       0%          1    None
b - Stone Arrow           Conj/Erth      ######       1%          3    None
c - Passwall              Trmt/Erth      #####.....   1%          3    None
d - Sticky Flame          Conj/Fire      #####...     1%          4    #......
e - Petrify               Trmt/Erth      #####...     1%          4    #......
f - Repel Missiles        Chrm/Air       ##....       4%          2    None
g - Swiftness             Chrm/Air       ##......     4%          2    None
l - Lee's Rapid Deconstr  Erth           ######....   1%          5    ####...
m - Bolt of Magma         Conj/Fire/Erth ######....   1%          5    ####...
s - Stoneskin             Trmt/Erth      #####...     1%          2    None
S - Animate Skeleton      Necr           N/A          2%          1    None


Dungeon Overview and Level Annotations

Branches:
Dungeon (8/15)             Temple (0/1) D:7            Lair (7/8) D:8
  Swamp (0/4) Lair:4       Spider (0/4) Lair:4
  Slime: Lair:6-8

Altars:
Cheibriados
Gozag
Qazlal
Ru
Sif Muna
Trog

Shops:
D:4 [   D:6 =}(:

Annotations:
Lair:2 nubinia's ghost, powerful DEWz


Innate Abilities, Weirdness & Mutations

You are resistant to torment.
Your stone body is resilient (AC +9).
You are immune to poison.
You resist negative energy.
You are resistant to electric shocks.
You can survive without breathing.
You are immune to petrification.
You are immune to rotting.
You have large cloven feet.
Armour fits poorly on your strangely shaped body.
You have an increased reservoir of magic (+10% MP).
You passively map a small area around you.
Your natural rate of healing is unusually fast.


Message History

Aim: a black mamba The sticky flame hits the black mamba.
The black mamba is lightly wounded.
The black mamba is covered in liquid flames!
The blink frog burns!
The black mamba burns!
The blink frog barely misses you. The black mamba bites you.
Unknown command.
The blink frog burns!
You kill the blink frog!
The black mamba burns!
The black mamba closely misses you. The black mamba barely misses you.
The spiny frog barely misses you.
The black mamba burns!
The black mamba bites you!
* * * LOW HITPOINT WARNING * * *
The spiny frog misses you. The black mamba bites you.
* * * LOW HITPOINT WARNING * * *
The black mamba burns!
The black mamba stops burning.
The black mamba bites you.
* * * LOW HITPOINT WARNING * * *
The spiny frog stings you!
You die...

......F........P.................
.................................
............>.....[..##...%...†..
.....................##..........
..............>†........>........
...........................#.....
.........................####....
...............SF.........# #....
.P........#.#...@.......S###..#..
####..#.#####P..............##.#.
# #Z##### ###.............##### #
### ##............#
#....<....<...# #.............##
#..............# #............##
###.......##...#


You could see a black mamba and a spiny frog.

Vanquished Creatures
  Maud (Lair:6)
  A minotaur (Lab)
  5 hydras
  Sonja (Lair:1)
  Pikel (D:5)
  6 elephants (Lair:6)
  4 black mambas
  A torpor snail (Lair:4)
  11 spiny frogs
  2 fire drakes
  3 komodo dragons
  A jumping spider (Lair:4)
  A two-headed ogre (D:8)
  Prince Ribbit (D:5)
  14 blink frogs
  2 basilisks
  17 yaks
  4 hippogriffs
  8 hungry ghosts (Lab)
  13 wolves
  5 porcupines
  7 water moccasins
  Duvessa (D:5)
  2 orc warriors (D:8)
  A black bear (D:8)
  3 sky beasts
  2 centaurs (D:8)
  6 crocodiles
  2 ice beasts
  4 ogres
  A big kobold (D:8)
  A brain worm (Lair:6)
  12 giant frogs
  A gnoll sergeant (D:7)
  A crimson imp (D:6)
  4 hounds
  4 orc wizards
  2 orc priests
  Jessica (D:3)
  A giant frog skeleton (D:4)
  4 iguanas
  3 centaur skeletons
  3 worker ants
  29 sheep
  A hound skeleton (D:5)
  A worker ant zombie (D:8)
  6 adders
  57 river rats
  A shadow imp (D:6)
  An ooze (D:3)
  2 adder skeletons
  5 worms
  3 giant geckos
  16 orcs
  2 ball pythons
  8 bats
  8 giant cockroaches
  13 hobgoblins
  13 jackals
  21 kobolds
  A quokka (D:8)
  A giant gecko skeleton (D:6)
  7 giant newts
  12 goblins
  18 rats
  2 butterflies (D:7)
  2 fungi
398 creatures vanquished.

Vanquished Creatures (collateral kills)
  2 komodo dragons (Lair:5)
  3 yaks (Lair:5)
  2 porcupines (Lair:5)
  A crocodile (Lair:5)
  A giant frog (Lair:5)
  7 river rats
16 creatures vanquished.

Vanquished Creatures (others)
  Dowan (D:5)
  7 fungi
  A plant (Lair:4)
9 creatures vanquished.

Grand Total: 423 creatures vanquished

Notes
Turn   | Place    | Note
--------------------------------------------------------------
     0 | D:1      | nubinia, the Gargoyle Earth Elementalist, began the quest for the Orb.
     0 | D:1      | Reached XP level 1. HP: 10/10 MP: 3/3
   147 | D:1      | Reached skill level 4 in Earth Magic
   186 | D:1      | Reached XP level 2. HP: 15/15 MP: 5/5
   190 | D:1      | Learned a level 2 spell: Stoneskin
  1213 | D:1      | Reached XP level 3. HP: 19/19 MP: 4/6
  2527 | D:2      | Reached XP level 4. HP: 13/24 MP: 2/7
  2552 | D:2      | Learned a level 3 spell: Passwall
  2875 | D:3      | Gained mutation: You passively map a small area around you. [potion of beneficial mutation]
  3115 | D:3      | Noticed Jessica
  3119 | D:3      | Killed Jessica
  3119 | D:3      | Reached skill level 1 in Transmutations
  3411 | D:3      | Reached XP level 5. HP: 28/28 MP: 7/9
  3418 | D:3      | Learned a level 3 spell: Stone Arrow
  3899 | D:4      | Found Reddiram's Antique Armour Shop.
  3922 | D:4      | Reached skill level 5 in Earth Magic
  4132 | D:4      | Bought a runed robe for 16 gold pieces
  4618 | D:4      | Reached skill level 1 in Fighting
  4734 | D:4      | Reached skill level 1 in Conjurations
  4734 | D:4      | Reached XP level 6. HP: 14/34 MP: 5/10
  4957 | D:5      | Entered Level 5 of the Dungeon
  4974 | D:4      | Reached skill level 1 in Maces & Flails
  5118 | D:5      | Noticed Dowan
  5121 | D:5      | Noticed Duvessa
  5390 | D:5      | Noticed Pikel
  5568 | D:5      | Noticed Prince Ribbit
  5587 | D:6      | Reached XP level 7. HP: 37/39 MP: 12/12
  5627 | D:6      | Found Ysumaiqa's Weapon Boutique.
  5711 | D:6      | Found Bemamyamp's Book Shop.
  5846 | D:6      | Found a stormy altar of Qazlal.
  5971 | D:6      | Found Tiluahoto's Jewellery Shoppe.
  5996 | D:6      | Found a deep blue altar of Sif Muna.
  6007 | D:6      | Became a worshipper of Sif Muna the Loreminder
  6351 | D:5      | Learned a level 5 spell: Lee's Rapid Deconstruction
  6359 | D:5      | Reached skill level 6 in Earth Magic
  6403 | D:5      | Killed Pikel
  6403 | D:5      | Acquired Sif Muna's first power
  6403 | D:5      | Reached skill level 5 in Spellcasting
  6403 | D:5      | Reached skill level 7 in Earth Magic
  6403 | D:5      | Reached XP level 8. HP: 6/45 MP: 2/16
  6918 | D:5      | Killed Duvessa
  7001 | D:5      | Killed Prince Ribbit
  7161 | D:5      | Killed Dowan
  7326 | D:5      | Found a snail-covered altar of Cheibriados.
  7329 | D:5      | Found a sacrificial altar of Ru.
  7409 | D:6      | Reached XP level 9. HP: 50/50 MP: 11/17
  7516 | D:6      | Found Arhih's Gadget Emporium.
  7600 | D:6      | Found Weastrux's Magic Scroll Shop.
  7658 | D:6      | Got a pitted hand axe
  7659 | D:6      | Identified the +4 hand axe of Ovellauf {flame, Int+3} (You found it on level 6 of the Dungeon)
  7903 | D:7      | Acquired Sif Muna's second power
  7903 | D:7      | Reached skill level 8 in Earth Magic
  8063 | D:7      | Found a staircase to the Ecumenical Temple.
  8998 | D:7      | Found an opulent altar of Gozag.
  9337 | D:8      | Learned a level 4 spell: Petrify
  9484 | D:8      | Reached skill level 1 in Throwing
  9520 | D:8      | Reached skill level 1 in Invocations
  9607 | D:8      | Found a stormy altar of Qazlal.
  9826 | D:8      | Reached skill level 9 in Earth Magic
  9852 | D:8      | Found a staircase to the Lair.
  9865 | D:8      | Reached skill level 5 in Conjurations
  9955 | D:8      | Reached XP level 10. HP: 51/56 MP: 9/20
  9998 | D:8      | Found a bloodstained altar of Trog.
 10345 | Lair:1   | Entered Level 1 of the Lair of Beasts
 10424 | Lair:1   | Found a labyrinth entrance.
 10455 | Lab      | Entered a labyrinth
 10810 | Lab      | Reached skill level 10 in Earth Magic
 10813 | Lab      | Noticed a minotaur
 11102 | Lab      | Killed a minotaur
 11102 | Lab      | Acquired Sif Muna's third power
 11138 | Lab      | Identified the Tome of Warped Aid (You found it in a labyrinth)
 11138 | Lab      | Got a coiled wooden ring
 11138 | Lab      | Got a glittering amber ring
 11146 | Lab      | Got an encrusted hand axe
 11146 | Lab      | Got a warped great sword
 11146 | Lab      | Got an ichor-stained chain mail
 11150 | Lab      | Identified the ring of Contentment {rElec Int+4} (You found it in a labyrinth)
 11152 | Lab      | Identified the ring of Cuadd {Ice Str-2 Dex+5} (You found it in a labyrinth)
 11162 | Lab      | Identified the +6 hand axe of Ofuumoiq {flame, rC+ Str+3 Int-2} (You found it in a labyrinth)
 11173 | Lab      | Identified the +1 chain mail "Bumiaghe" {Int+3} (You found it in a labyrinth)
 11173 | Lab      | Identified the +10 great sword "Newtslayer" {pain, rPois Str+3 Int-3} (You found it in a labyrinth)
 11391 | Lair:1   | Reached XP level 11. HP: 61/61 MP: 5/23
 11469 | Lair:1   | Noticed Sonja
 11474 | Lair:1   | Killed Sonja
 11474 | Lair:1   | Reached skill level 11 in Earth Magic
 11793 | Lair:1   | Learned a level 4 spell: Sticky Flame
 12128 | Lair:1   | Reached skill level 5 in Dodging
 12349 | Lair:1   | Noticed a seven-headed hydra
 12354 | Lair:1   | Killed a seven-headed hydra
 12642 | Lair:2   | Noticed a six-headed hydra
 12738 | Lair:2   | Killed a six-headed hydra
 12738 | Lair:2   | Reached skill level 12 in Earth Magic
 12762 | Lair:2   | Noticed nubinia's ghost (powerful DEWz)
 12853 | Lair:3   | Received a gift from Sif Muna
 12854 | Lair:3   | Identified Uroyl's Collected Works on the Mountains and Confrontation (Sif Muna gifted it to you on level 3 of the Lair of Beasts)
 12912 | Lair:3   | Learned a level 5 spell: Bolt of Magma
 13239 | Lair:3   | Identified a +0 rod of shadows (11/11) (You found it on level 3 of the Lair of Beasts)
 13464 | Lair:3   | Found a snail-covered altar of Cheibriados.
 13508 | Lair:3   | Gained mutation: Your natural rate of healing is unusually fast. [potion of mutation]
 13508 | Lair:3   | Gained mutation: Armour fits poorly on your strangely shaped body. [potion of mutation]
 13508 | Lair:3   | Gained mutation: You have large cloven feet. [potion of mutation]
 13509 | Lair:3   | Gained mutation: You have an increased reservoir of magic (+10% MP). [potion of beneficial mutation]
 14150 | Lair:3   | Reached skill level 1 in Fire Magic
 14340 | Lair:4   | Reached skill level 10 in Spellcasting
 14345 | Lair:4   | Reached XP level 12. HP: 66/66 MP: 12/28
 14618 | Lair:4   | Noticed a six-headed hydra
 14625 | Lair:4   | Killed a six-headed hydra
 14750 | Lair:4   | Found a staircase to the Swamp.
 14921 | Lair:4   | Noticed a seven-headed hydra
 14964 | Lair:4   | Killed a seven-headed hydra
 15011 | Lair:4   | Reached skill level 13 in Earth Magic
 15209 | Lair:4   | Found a hole to the Spider Nest.
 15875 | Lair:5   | Received a gift from Sif Muna
 15909 | Lair:5   | Learned a level 1 spell: Animate Skeleton
 16066 | Lair:5   | Noticed a four-headed hydra
 16070 | Lair:5   | Killed a four-headed hydra
 16830 | Lair:5   | Reached skill level 5 in Invocations
 16830 | Lair:5   | Reached XP level 13. HP: 42/72 MP: 18/30
 17478 | Lair:6   | Noticed Maud
 17508 | Lair:6   | Killed Maud
 17618 | Lair:6   | Received a gift from Sif Muna
 17618 | Lair:6   | Reached skill level 14 in Earth Magic
 17623 | Lair:6   | Learned a level 2 spell: Repel Missiles
 17626 | Lair:6   | Learned a level 2 spell: Swiftness
 17674 | Lair:6   | Your ally Maud died
 17937 | Lair:6   | Slain by a spiny frog

Action                   |  1- 3 |  4- 6 |  7- 9 | 10-12 | 13-15 || total
-------------------------+-------+-------+-------+-------+-------++-------
Melee: Club              |   117 |    33 |       |       |       ||   150
       Unarmed           |     1 |       |       |       |       ||     1
       Whip              |    43 |    79 |   106 |       |       ||   228
       Dagger            |       |    43 |    94 |       |       ||   137
       Mace              |       |       |    27 |   299 |    83 ||   409
 Fire: Blowgun           |       |     3 |     7 |     6 |     6 ||    22
Throw: Stone             |       |       |       |     1 |       ||     1
 Cast: Sandblast         |    62 |    73 |    42 |    88 |     4 ||   269
       Stoneskin         |     2 |    12 |    16 |    29 |     9 ||    68
       Stone Arrow       |       |     4 |    19 |    62 |     4 ||    89
       Lee's Rapid Decon |       |       |     9 |    65 |    24 ||    98
       Petrify           |       |       |     3 |    20 |    20 ||    43
       Passwall          |       |       |       |     2 |       ||     2
       Sticky Flame      |       |       |       |    16 |    17 ||    33
       Animate Skeleton  |       |       |       |    17 |    26 ||    43
       Bolt of Magma     |       |       |       |     7 |    10 ||    17
       Repel Missiles    |       |       |       |       |     1 ||     1
Invok: Channel Energy    |       |       |    37 |   100 |    84 ||   221
Evoke: Wand              |       |       |       |       |     1 ||     1
  Use: Scroll            |       |     5 |     7 |    19 |     2 ||    33
       Potion            |       |     2 |       |     9 |       ||    11
 Stab: Sleeping          |     2 |     3 |     6 |     3 |     1 ||    15
       Distracted        |       |       |     1 |       |       ||     1
  Eat: Chunk             |     6 |    11 |    23 |    68 |    22 ||   130
       Pizza             |       |       |       |     2 |       ||     2
       Fruit             |       |       |       |     1 |       ||     1
